SCURSCUM, neutral female scurrid Archeologist }}}}}}}}}}}}}}}}}}} }}}}}}}}}}}}}}}}} }}}}}}}}}}}}}}}} }}}}}}}}}}}}}.} }}}}}}}}}}}}. !}}}}}}}.}}} }..}}}}.<#.}}}}}}...# .. # #..}}}}}...} }}}.....# }}}......# #......}}}}..#..}}.}}}.}}...}}}}}.# #.}}}}.I...}}}}}}.# }}}..# #..}}}}}}}}}}}}}I.}}}}}}}}..}}}}}}}}}}}..... ..}}}}}}...}}}}}}}}}}}}}}}}}}}# }}}}}}}}}}}}}}}.# }}}.......}}}}}}..}}}}}}}}}.}}}}}}}}}}}}} }}}}}}}}}}}}.}}}.}}.# # #...}} #}}}}}}}}}}}....}}}}}}}}}}#}}} # ..}}}}}}}}}}}}}}...}}}} }}..}}}}}}}}}}}.#?..}}}}}}}}.# .# }}}}}}}}}}}}}.}}}}}} }}}}}}}}}.`..}}}}}}} .}}.}}}}}}}}}} }}.# }}}}}}}}}} }}}}}}}}}}}}}}}}. #..}}}} }}}}}}}}}..}}}}}. }}}}} }}}}.}..}}}}}}} #..?.?} }}}}}}}}}..#.}}}}.# }}} #.}...`. #.#. }}}}}.}}}}}}} ...}}.. }..}}} }}}}}}}...}}}}}} }}}}}}# }}}}}.. }}}}}}}.#..}}}}} }}}}}}} }}}} }}}}}}}}} }.}}}}}} }}}}}}} } }}}}}}}}}} }}}}}}}}} }}}}}}}} SCURSCUM the Digger Experience level: 1 Strength: 12 Dexterity: 8 Constitution: 12 Intelligence: 16 Wisdom: 18 Charisma: 9 Health: 0(12) Energy: 2(2) Def: 2 Gold: 301 Moves: 72 Dungeon seed: zDYUk7qqOhj2HHpA Game ID: SCURSCUM_1498608178 Your Inventory: Coins $ - 301 gold pieces Weapons a - an uncursed +2 bullwhip h - an uncursed +0 boomerang (in quiver) Armor e - an uncursed +0 leather jacket (being worn) n - an uncursed +0 pair of leather gloves (being worn) Comestibles b - 4 uncursed chestnuts Wands d - an uncursed wand of light (0:14) Tools c - an uncursed pair of lenses f - an uncursed sack g - an uncursed tin opener (alternate weapon; not wielded) Gems q - an uncursed touchstone Spells and supernatural/magical abilities: Name Level Category Fail Memory W - pray for help -- divine ? -- Your skills at the end: Miscellaneous Skills wands [Basic] Weapon Skills boomerang [Basic] whip [Basic] Spellcasting Skills Final Attributes: You were devoutly aligned. You were blinded. You had infravision. You were very stealthy. You were fast. You are dead. Vanquished creatures: a guardian naga a newt 2 creatures vanquished. Voluntary challenges: You went without food. You did not adorn yourself with jewelry or accessories. You did not cause conflict. You were not invisible. You did not have reflection. You were not displaced. You were an atheist. You never hit with a wielded weapon. You were a pacifist. You did not use tools. You did not use plumbed fixtures. You did not drink any magical draughts. You were illiterate. You never genocided any monsters. You never polymorphed an object. You never changed form. You used no wishes. You never split a pudding. You never wrote Elbereth's name. You never violated your personal moral code. Dungeon overview: The Dungeons of Doom: levels 1 to 24 Level 1 a long staircase Level 2 a fountain Level 3 Level 4 Level 5 Level 6 Level 7 Level 8 Level 9 Level 10 Level 11 Level 12 Level 13 Level 14 Level 15 Level 16 Level 17 Level 18 Level 19 Level 20 Level 21 Level 22 Level 23 Level 24 <- You were here many trees History has recorded: On T:1 you entered the Dungeons of Doom to retrieve the Amulet of Yendor! On T:4 you reached level 2 of The Dungeons of Doom. On T:8 you reached level 3 of The Dungeons of Doom. On T:10 you reached level 4 of The Dungeons of Doom. On T:13 you reached level 5 of The Dungeons of Doom. On T:16 you reached level 6 of The Dungeons of Doom. On T:19 you reached level 7 of The Dungeons of Doom. On T:21 you reached level 8 of The Dungeons of Doom. On T:24 you reached level 9 of The Dungeons of Doom. On T:26 you reached level 10 of The Dungeons of Doom. On T:29 you reached level 11 of The Dungeons of Doom. On T:33 you reached level 12 of The Dungeons of Doom. On T:38 you reached level 13 of The Dungeons of Doom. On T:41 you reached level 14 of The Dungeons of Doom. On T:43 you reached level 15 of The Dungeons of Doom. On T:46 you reached level 16 of The Dungeons of Doom. On T:46 you entered the Rogue tribute level. On T:49 you reached level 17 of The Dungeons of Doom. On T:52 you reached level 18 of The Dungeons of Doom. On T:55 you reached level 19 of The Dungeons of Doom. On T:58 you reached level 20 of The Dungeons of Doom. On T:60 you reached level 21 of The Dungeons of Doom. On T:63 you reached level 22 of The Dungeons of Doom. On T:65 you reached level 23 of The Dungeons of Doom. On T:68 you reached level 24 of The Dungeons of Doom. Score breakdown: Gold: 301 ( 30 points) Experience: 1 level ( 0 points) Exploration: 24 levels ( 690 points) Discoveries: 0 items ( 0 points) Variety of kills: 2 monsters ( 100 points) Major goal: (nothing yet) ( 0 points) Survival: died (score multiplied by 3) Total score: 2460 Latest messages: You continue cutting the tree. You cut down the tree. You see here a banana. You have no weapon equipped. You start digging downward. The raven pecks! The raven blinds you! You continue digging downward. As you dig, the hole fills with water! You fall into the water! You sink like a rock. You try to crawl out of the water. Pheew! That was close. Something pecks! You have no weapon equipped. You start digging downward. Something pecks! You die... The sack is empty. The sack is empty. Final status: Goodbye SCURSCUM the Archeologist, killed by a raven... You died in The Dungeons of Doom on dungeon level 24 with 2460 points, and 301 pieces of gold, after 72 moves. You were level 1 with a maximum of 12 hit points when you died.